 Dungeon Crawl Stone Soup version 0.18-a0-1577-gf591c28 (webtiles) character file.

19071 namelastname112 the Cleaver (level 12, -7/110 HPs)
             Began as a Purple Draconian Wanderer on Mar 18, 2016.
             Was a High Priest of Okawaru.
             Mangled by Urug
             ... wielding a +0 dire flail
              (32 damage)
             ... on level 12 of the Dungeon.
             The game lasted 00:25:23 (15720 turns).

namelastname112 the Cleaver (DrWn)                 Turns: 15720, Time: 00:25:24

Health: -7/110     AC: 11    Str: 19    XL:     12   Next: 33%
Magic:  17/19      EV: 21    Int: 13    God:    Okawaru [*****.]
Gold:   686        SH:  0    Dex: 15    Spells: 0 memorised, 11 levels left

rFire  . . .     SeeInvis .     L - +1 battleaxe (chop)
rCold  + . .     Gourm    .     (armour unavailable)
rNeg   . . .     Faith    .     (shield currently unavailable)
rPois  .         Spirit   .     v - +0 hat
rElec  .         Dismiss  .     o - +0 cloak
rCorr  .         Reflect  .     (no gloves)
SustAt .         Harm     .     f - +1 pair of boots
MR     ++...                    (no amulet)
Stlth  +++.......               y - ring of protection from cold
                                k - ring of protection from magic

@: heroism, very resistant to hostile enchantments, fairly stealthy
A: breathe power, unfitting armour, strong 2, cold-blooded, MP-powered wands, AC
+8
a: Breathe Dispelling Energy, Heroism, Finesse, Renounce Religion


You were on level 12 of the Dungeon.
You worshipped Okawaru.
Okawaru was extremely pleased with you.
You were not hungry.

You visited 1 branch of the dungeon, and saw 12 of its levels.
You also visited: Ice Cave.

You collected 686 gold pieces.

Inventory:

Hand Weapons
 i - a +2 war axe of pain
 L - a +1 battleaxe of chopping (weapon)
Missiles
 I - 2 throwing nets (quivered)
Armour
 f - a +1 pair of boots (worn)
 o - a +0 cloak (worn)
 v - a +0 hat (worn)
 B - the +3 hat of Pondering {ponderous, MR+ MP+10 Int+5}
   (You took it off Gastronok on level 9 of the Dungeon)

   It affects your intelligence (+5).
   It affects your resistance to hostile enchantments.
   It affects your magic capacity (+10).
Jewellery
 k - a ring of protection from magic (left hand)
 p - an uncursed ring of flight
 q - an uncursed ring of see invisible
 y - a ring of protection from cold (right hand)
Wands
 a - a wand of lightning (8/15)
 w - a wand of confusion (19/48)
 z - a wand of lightning (1/15)
 E - a wand of paralysis (10/24)
 G - a wand of polymorph (5/24)
 K - a wand of iceblast (5/15)
Scrolls
 b - a scroll of enchant weapon
 c - 9 scrolls of teleportation
 e - 7 scrolls of identify
 g - 5 scrolls of remove curse
 h - 4 scrolls of amnesia
 u - a scroll of immolation
 A - 2 scrolls of enchant armour
 C - a scroll of fear
 D - a scroll of holy word
 J - a scroll of silence {unknown}
Potions
 j - 2 potions of heal wounds
 l - a potion of haste
 m - a potion of cure mutation
 n - 3 potions of ambrosia
 r - 2 potions of brilliance
 s - a potion of lignification
 x - 3 potions of curing
Miscellaneous
 F - a sack of spiders
Comestibles
 d - 8 bread rations
 t - 4 fruits
 H - a meat ration


   Skills:
 + Level 11.3(16.3) Fighting
 * Level 13.5(18.5) Axes
 + Level 8.7(13.7) Dodging
 - Level 1.0(6.0) Stealth
 + Level 10.2 Invocations
 - Level 1.1 Evocations


You had 11 spell levels left.
You didn't know any spells.

Dungeon Overview and Level Annotations

Branches:
Dungeon (12/15)            Temple (0/1) D:5            Lair (0/8) D:11
    Orc (0/2) D:10

Altars:
Ashenzari
Elyvilon
Okawaru
Pakellas
Sif Muna
Trog
Xom
Yredelemnul
Zin

Shops:
D:8 =

Annotations:
D:7 1 runed door
D:12 Urug


Innate Abilities, Weirdness & Mutations

You can breathe bolts of dispelling energy.
Your rich purple scales are hard (AC +8).
Your body does not fit into most forms of armour.
You are cold-blooded and may be slowed by cold attacks.
Your muscles are very strong. (Str +4)
You expend magic power (3 MP) to strengthen your wands.


Message History

The orc wizard hits you with a dagger. The orc wizard completely misses you.
You gain the combat prowess of a mighty hero.
You feel slightly more hungry. Urug hits you with a dire flail.
The orc wizard closely misses you.
You slash Urug!
Urug is heavily wounded.
You closely miss the orc wizard.
The orc wizard points at you and mumbles some strange words.
The puff of frost hits you! You resist. Urug hits you with a dire flail!!
* * * LOW HITPOINT WARNING * * *
You completely miss Urug.
Urug is heavily wounded.
You slash the orc wizard!
You kill the orc wizard!
Okawaru accepts your kill. Urug hits you with a dire flail!
* * * LOW HITPOINT WARNING * * *
Drink which item? (? for menu, Esc to quit)
You feel much better. Urug hits you with a dire flail!!
You die...

......>#########+###....#
..#..#.#,,,,,**,,,,#.##.#
,,,,,,,*,******,,###....#
********,******,,#......#
,,,,,,**,,,,,,,,,#.#..#.#
,,**,***###+######(...#.#
,,******#..$.....(......#
,,,,,,,,#..#..##(.##....#
,,,,,,,,*,,#?,*#@(##..#.#
,,*******......)o.......#
,,*****,,.........$.....#
,,,,,,+,................#
,,,,,,*,................#
,,,**,*,,...............*
,,,**,*,,...............*
,,,,,,*,,..###+#####..#.*
,,,,,,*,,,,,,,,,,,,,,,,,*


You could see Urug.

Vanquished Creatures
  Gastronok (D:9)
  Maud (D:10)
  3 hill giants
  A necromancer (IceCv)
  A cyclops (D:11)
  Joseph (D:7)
  2 ice statues (IceCv)
  Maurice (D:8)
  A gargoyle (D:10)
  4 ice devils (IceCv)
  2 trolls
  A two-headed ogre (D:8)
  A merfolk (D:9)
  3 wyverns (D:10)
  9 yaks
  A hungry ghost (D:11)
  3 hippogriffs
  Menkaure (D:4)
  The ghost of Tomstefer the Insei, an amateur OpTm (D:3)
  Edmund (D:4)
  A porcupine (D:11)
  A black bear (D:9)
  A wasp (D:8)
  An ice beast (D:7)
  A phantom (D:3)
  3 sky beasts
  7 orc warriors
  4 ogres
  9 centaurs
  4 crocodiles
  A big kobold (D:10)
  A gnoll sergeant (D:11)
  A wyvern zombie (D:12)
  7 giant frogs
  7 scorpions
  A killer bee (D:7)
  3 wights (D:10)
  5 howler monkeys
  4 crimson imps
  A centaur zombie (D:5)
  2 giant frog zombies
  3 jellies
  6 hounds
  13 orc wizards
  3 orc priests
  A centaur skeleton (D:11)
  2 iguanas (D:8)
  13 worker ants
  2 sheep (D:11)
  2 hound zombies
  A hound skeleton (D:4)
  5 worker ant zombies
  7 gnolls
  14 adders
  3 river rats (D:11)
  A shadow imp (D:6)
  12 white imps (D:12)
  2 oozes
  3 adder skeletons
  A worm (D:2)
  4 dart slugs
  8 giant geckos
  24 orcs
  8 bats
  11 giant cockroaches
  17 goblins
  6 hobgoblins
  7 jackals
  9 kobolds
  4 quokkas
  A ball python (D:1)
  9 giant newts
  4 rats
  2 butterflies (D:7)
312 creatures vanquished.

Notes
Turn   | Place    | Note
--------------------------------------------------------------
     0 | D:1      | namelastname112 the Draconian Wanderer began the quest for the Orb.
     0 | D:1      | namelastname112 set off with: a +2 hand axe, a potion of curing, a scroll of teleportation, a bread ration
     0 | D:1      | Reached XP level 1. HP: 22/22 MP: 1/1
   400 | D:1      | Reached XP level 2. HP: 28/28 MP: 2/2
   620 | D:1      | Reached XP level 3. HP: 31/34 MP: 3/3
   795 | D:1      | You fall through a shaft!
  1146 | D:1      | Reached skill level 4 in Axes
  1428 | D:2      | Reached XP level 4. HP: 30/41 MP: 4/4
  1544 | D:2      | Found an oddly glowing altar of Pakellas.
  1548 | D:2      | Found a shattered altar of Ashenzari.
  1548 | D:2      | Found a shimmering altar of Xom.
  1558 | D:2      | Found an iron altar of Okawaru.
  1559 | D:2      | Found a basalt altar of Yredelemnul.
  1574 | D:2      | Became a worshipper of Warmaster Okawaru
  1744 | D:2      | Found a faded altar to an unknown god.
  1909 | D:3      | Reached skill level 5 in Fighting
  1985 | D:3      | Reached XP level 5. HP: 19/48 MP: 5/5
  2212 | D:3      | You fall through a shaft!
  2297 | D:4      | Noticed Edmund
  2391 | D:4      | Noticed Menkaure
  2408 | D:4      | Killed Menkaure
  2408 | D:4      | Reached skill level 5 in Axes
  2408 | D:4      | Reached skill level 1 in Invocations
  2408 | D:4      | Reached XP level 6. HP: 22/56 MP: 5/7
  3279 | D:3      | Reached * piety under Okawaru
  3279 | D:3      | Your scales start taking on a rich purple colour.
  3279 | D:3      | Reached XP level 7. HP: 42/62 MP: 8/8
  3566 | D:3      | Noticed Tomstefer's ghost (amateur OpTm)
  3823 | D:3      | Reached skill level 6 in Axes
  4401 | D:3      | Killed Tomstefer's ghost
  4412 | D:3      | Reached XP level 8. HP: 18/71 MP: 10/10
  4678 | D:4      | Killed Edmund
  4678 | D:4      | Reached ** piety under Okawaru
  4705 | D:5      | Entered Level 5 of the Dungeon
  4721 | D:5      | Reached skill level 7 in Axes
  4945 | D:5      | Found a staircase to the Ecumenical Temple.
  4966 | D:5      | Found a glowing silver altar of Zin.
  5442 | D:6      | Gained mutation: You expend magic power (3 MP) to strengthen your wands. [mutagenic meat]
  5443 | D:6      | Gained mutation: Your muscles are strong. (Str +2) [mutagenic meat]
  5444 | D:6      | Gained mutation: Your muscles are very strong. (Str +4) [mutagenic meat]
  5445 | D:6      | Gained mutation: Your mind is acute. (Int +2) [mutagenic meat]
  5447 | D:6      | Lost mutation: Your mind is acute. (Int +2) [mutagenic meat]
  5841 | D:6      | Reached skill level 8 in Axes
  6253 | D:7      | Reached skill level 5 in Invocations
  6504 | D:7      | Reached *** piety under Okawaru
  6504 | D:7      | Reached XP level 9. HP: 79/79 MP: 12/12
  6505 | D:7      | Reached skill level 10 in Axes
  6505 | D:7      | Reached XP level 10. HP: 85/91 MP: 12/15
  6516 | D:7      | You fall through a shaft for 2 floors!
  6743 | D:9      | Noticed Gastronok
  6750 | D:8      | Found Etrieh's Jewellery Shoppe.
  6885 | D:8      | Reached skill level 11 in Axes
  7004 | D:8      | Found a white marble altar of Elyvilon.
  7041 | D:8      | Noticed a hill giant
  7469 | D:7      | Found a runed door.
  7500 | D:7      | Found a runed door.
  7598 | D:7      | Noticed Joseph
  7612 | D:7      | Killed Joseph
  7891 | D:7      | Reached **** piety under Okawaru
  8099 | D:8      | Found a bloodstained altar of Trog.
  8132 | D:8      | Noticed Maurice
  8168 | D:8      | Killed Maurice
  8747 | D:8      | Killed a hill giant
  9104 | D:8      | Reached skill level 10 in Fighting
  9358 | D:8      | Found a deep blue altar of Sif Muna.
  9499 | D:9      | Reached XP level 11. HP: 96/99 MP: 17/17
  9540 | D:9      | Killed Gastronok
  9540 | D:9      | Reached ***** piety under Okawaru
  9540 | D:9      | Received a gift from Okawaru
  9540 | D:9      | Reached skill level 12 in Axes
 10227 | D:9      | Received a gift from Okawaru
 10635 | D:10     | Entered Level 10 of the Dungeon
 10637 | D:10     | Noticed a hill giant
 10652 | D:10     | Killed a hill giant
 11053 | D:10     | Found a basalt altar of Yredelemnul.
 12263 | D:10     | Found a staircase to the Orcish Mines.
 12296 | D:10     | Noticed Maud
 12342 | D:10     | Killed Maud
 13071 | D:11     | Reached skill level 13 in Axes
 13071 | D:11     | Reached XP level 12. HP: 85/108 MP: 19/19
 13889 | D:11     | Found a staircase to the Lair.
 13922 | D:11     | Reached skill level 10 in Invocations
 14302 | D:12     | Found a frozen archway.
 14328 | IceCv    | Entered an ice cave
 15700 | D:12     | Noticed Urug
 15720 | D:12     | Mangled by Urug

Vault maps used:
D:1:      dpeg_cavernosity
D:2:      minmay_overflow_temple_star_hex, ecumenical_altar_1,
          minmay_tree_intersection
D:3:      first_bread
D:4:      kennysheep_generic_room_6, uniq_edmund, uniq_menkaure
D:5:      lemuel_doored_altar, minmay_temple_entry_from_below_a
D:7:      lemuel_insect_pit, uniq_joseph
D:8:      kennysheep_orc_sif_temple, nicolae_overflow_hidden_temple,
          elyvilon_altar_5, serial_shops, shop, uniq_maurice
D:9:      hangedman_fish_farm, uniq_gastronok
D:10:     david_orc_2, yredelemnul_altar_generic, uniq_maud
D:11:     lemuel_ice_spiral_2, minmay_lair_entry_grove, serial_column_ruins,
          column_ruins_hut_pillars, column_ruins_hut, column_ruins_open_small,
          column_ruins_open_small, column_ruins_corridor_corner,
          column_ruins_grid_1, column_ruins_open_tiny, column_ruins_grid_4
D:12:     portal_ice_cave_entry_imps, uniq_urug
IceCv:    ice_cave_tombish

Skill      XL: |  1  2  3  4  5  6  7  8  9 10 11 12 |
---------------+-------------------------------------+-----
Axes           | 4 5 6 8 10 11 13 | 13.5
Dodging        | 2 3 4 6 7 8 |  8.7
Fighting       | 5 6 7 9 10 11 | 11.3
Invocations    | 1 2 3 5 7 8 9 10 | 10.2
Stealth        | |  1.0
Evocations     | |  1.1

Action                   |  1- 3 |  4- 6 |  7- 9 | 10-12 || total
-------------------------+-------+-------+-------+-------++-------
Melee: Hand axe          |    83 |   157 |       |       ||   240
       War axe           |       |    21 |   244 |   788 ||  1053
       Battleaxe         |       |       |       |    11 ||    11
Throw: Throwing net      |       |       |       |     3 ||     3
Invok: Heroism           |       |       |     1 |    11 ||    12
       Finesse           |       |       |       |     1 ||     1
 Abil: Breathe Dispellin |       |       |     6 |     6 ||    12
Evoke: Wand              |       |       |       |     3 ||     3
  Use: Scroll            |       |     3 |     4 |    13 ||    20
       Potion            |       |     2 |     4 |     3 ||     9
 Stab: Sleeping          |     3 |     1 |       |     1 ||     5
  Eat: Chunk             |     1 |     6 |    13 |    19 ||    39
       Beef jerky        |       |       |     2 |     3 ||     5
       Pizza             |       |       |     1 |       ||     1
       Royal jelly       |       |       |       |     2 ||     2
       Meat ration       |       |       |       |     2 ||     2
